 Dungeon Sprint DCSS version 0.23-a0-860-g8ff03fb (webtiles) character file.

9 gruber the Charmwright (level 2, -3/26 HPs)
             Began as a Gnoll Skald on Jan 27, 2019.
             Slain by a centaur (6 damage)
             ... in the Dungeon (Sprint IX: "|||||||||||||||||||||||||||||").
             The game lasted 00:00:55 (81 turns).

gruber the Charmwright (Gnoll Skald)                  Turns: 81, Time: 00:00:56

Health: -3/26      AC:  3    Str: 13    XL:     2   Next: 16%
Magic:  2/8        EV: 14    Int: 15    God:
Gold:   0          SH:  0    Dex: 14    Spells: 10/11 levels left

rFire    . . .     SeeInvis .   a - +0 mace
rCold    . . .     Gourm    .   (no shield)
rNeg     . . .     Faith    .   b - +0 leather armour
rPois    .         Spirit   .   (no helmet)
rElec    .         Reflect  .   (no cloak)
rCorr    .         Harm     .   (no gloves)
MR       .....     NoTele   +   (no boots)
Stlth    +.........             (no amulet)
HPRegen  0.08/turn              (no ring)
MPRegen  0.11/turn              (no ring)

@: no status effects
A: distributed training, fangs 1, strong nose
a: no special abilities


You were in the Dungeon.
You were not hungry.

You visited 1 branch

Inventory:

Hand Weapons
 a - a +0 mace (weapon)
Armour
 b - a +0 leather armour (worn)
Scrolls
 j - a scroll of blinking
Potions
 e - a potion of curing
 f - a potion of heal wounds
 g - a potion of haste
 h - 2 potions of magic
 i - a potion of berserk rage
Comestibles
 d - a ration


   Skills:
 + Level 4.6 Fighting
 + Level 1.1 Short Blades
 + Level 1.1 Long Blades
 + Level 1.1 Axes
 + Level 4.6 Maces & Flails
 + Level 1.1 Polearms
 + Level 1.1 Staves
 + Level 1.1 Slings
 + Level 1.1 Bows
 + Level 1.1 Crossbows
 + Level 1.1 Throwing
 + Level 2.7 Armour
 + Level 4.6 Dodging
 + Level 1.1 Stealth
 + Level 1.1 Shields
 + Level 1.1 Unarmed Combat
 + Level 5.1 Spellcasting
 + Level 0.9 Conjurations
 + Level 0.9 Hexes
 + Level 5.4 Charms
 + Level 0.9 Summonings
 + Level 0.9 Necromancy
 + Level 0.9 Translocations
 + Level 0.9 Transmutations
 + Level 0.9 Fire Magic
 + Level 0.9 Ice Magic
 + Level 0.9 Air Magic
 + Level 0.9 Earth Magic
 + Level 0.9 Poison Magic
 + Level 1.2 Invocations
 + Level 1.1 Evocations


You had 10 spell levels left.
You knew the following spells:

 Your Spells              Type           Power        Failure   Level  Hunger
a - Infusion              Chrm           ###.         2%          1    None

Your spell library contained the following spells:

 Spells                   Type           Power        Failure   Level  Hunger
 Song of Slaying          Chrm           ###.....     3%          2    ##.....
 Shroud of Golubria       Chrm/Tloc      ##........   9%          2    ##.....
 Regeneration             Chrm/Necr      ##........   17%         3    ###....
 Spectral Weapon          Hex/Chrm       ##......     17%         3    ###....


Dungeon Overview and Level Annotations

Branches:
Dungeon (1/1)

Altars:


Innate Abilities, Weirdness & Mutations

Your experience applies equally to all skills.
You have very sharp teeth.
Your uncanny sense of smell can sniff out nearby items.


Message History

The centaur closely misses you. The phantom barely misses you.
You hit the centaur but do no damage.
The centaur is heavily wounded.
The centaur misses you. The phantom hits you. The centaur hits you.
* * * LOW HITPOINT WARNING * * *
You barely miss the centaur.
The centaur is heavily wounded.
The centaur barely misses you. The phantom hits you.
* * * LOW HITPOINT WARNING * * *
The phantom blinks!
The centaur completely misses you.
You hit the centaur. You bite the centaur.
The centaur is severely wounded.
The centaur closely misses you.
The phantom blinks!
You hit the centaur but do no damage.
The centaur is severely wounded.
The centaur completely misses you. The centaur barely misses you.
You hit the centaur but do no damage.
The centaur is severely wounded.
The centaur hits you.
You die...

▓.▓
▓.▓
▓†▓
▓.▓
▓.▓
▓.▓
▓.▓
∆
▓(▓
∆
▓@▓
∆
▓c▓
∆
▓W▓
∆
▓.▓
∆
▓.▓
∆
▓.▓
∆
▓+▓
∆ ∆


You could see a phantom and a centaur.

Vanquished Creatures
  A leopard gecko (D)
  An orc (D)
  A goblin (D)
  A quokka (D)
  3 bats (D)
  A frilled lizard (D)
8 creatures vanquished.

Notes
Turn   | Place    | Note
-------+----------+-------------------------------------------
     0 | D        | gruber the Gnoll Skald began the quest for the Orb.
     0 | D        | Reached XP level 1. HP: 20/20 MP: 6/6
    14 | D        | Reached skill level 5 in Spellcasting
    52 | D        | Noticed a phantom
    52 | D        | Noticed a centaur
    54 | D        | Reached skill level 1 in Short Blades
    54 | D        | Reached skill level 1 in Long Blades
    54 | D        | Reached skill level 1 in Axes
    54 | D        | Reached skill level 1 in Polearms
    54 | D        | Reached skill level 1 in Staves
    54 | D        | Reached skill level 1 in Slings
    54 | D        | Reached skill level 1 in Bows
    54 | D        | Reached skill level 1 in Crossbows
    54 | D        | Reached skill level 1 in Throwing
    54 | D        | Reached skill level 1 in Stealth
    54 | D        | Reached skill level 1 in Shields
    54 | D        | Reached skill level 1 in Unarmed Combat
    54 | D        | Reached skill level 1 in Invocations
    54 | D        | Reached skill level 1 in Evocations
    63 | D        | Reached XP level 2. HP: 24/26 MP: 0/8
    81 | D        | Slain by a centaur

Vault maps used:
D:        linesprint

Skill      XL: |  1 |
---------------+----+-----
Spellcasting   | 5 |  5.1
Short Blades   | 1 |  1.1
Long Blades    | 1 |  1.1
Axes           | 1 |  1.1
Polearms       | 1 |  1.1
Staves         | 1 |  1.1
Slings         | 1 |  1.1
Bows           | 1 |  1.1
Crossbows      | 1 |  1.1
Throwing       | 1 |  1.1
Stealth        | 1 |  1.1
Shields        | 1 |  1.1
Unarmed Combat | 1 |  1.1
Invocations    | 1 |  1.2
Evocations     | 1 |  1.1
Fighting       | |  4.6
Maces & Flails | |  4.6
Armour         | |  2.7
Dodging        | |  4.6
Conjurations   | |  0.9
Hexes          | |  0.9
Charms         | |  5.4
Summonings     | |  0.9
Necromancy     | |  0.9
Translocations | |  0.9
Transmutations | |  0.9
Fire Magic     | |  0.9
Ice Magic      | |  0.9
Air Magic      | |  0.9
Earth Magic    | |  0.9
Poison Magic   | |  0.9

Action                   || total
-------------------------++-------
Melee: Mace              ||    35
       Bite              ||     4
 Cast: Infusion          ||     2
Armor: Leather armour    ||     5
Dodge: Dodged            ||    43

Table legend:
 A = Non-vault XP
 B = Vault XP
 C = Vault XP percentage of total XP
 D = Non-vault monster count
 E = Vault monster count
 F = Vault count percentage of total count
                 A         B        C        D         E       F
            +---------+---------+-------+---------+---------+-------
      Total |       0 |      14 | 100.0 |       0 |       8 | 100.0
            +---------+---------+-------+---------+---------+-------
          D |       0 |      14 | 100.0 |       0 |       8 | 100.0
            +---------+---------+-------+---------+---------+-------
